 Dungeon Sprint DCSS version 0.22-a0-305-gd21a89c (webtiles) character file.

170 operationiv the Fighter (level 5, -17/68 HPs)
             Began as an Ogre Monk on Mar 30, 2018.
             Was a Priest of the Shining One.
             Demolished by a two-headed ogre
             ... wielding a +0 giant club
              (21 damage)
             ... in the Dungeon (Sprint IX: "|||||||||||||||||||||||||||||").
             The game lasted 00:01:13 (150 turns).

operationiv the Fighter (Ogre Monk)                  Turns: 150, Time: 00:01:13

Health: -17/68     AC:  3    Str: 16    XL:     5   Next: 50%
Magic:  3/5        EV: 12    Int: 14    God:    the Shining One [***...]
Gold:   0          SH:  6    Dex: 11    Spells: 4/4 levels left

rFire    . . .     SeeInvis .   o - +2 halberd (protect)
rCold    . . .     Gourm    .   (shield currently unavailable)
rNeg     + . .     Faith    .   b - +0 robe
rPois    .         Spirit   .   (helmet restricted)
rElec    .         Reflect  .   (no cloak)
rCorr    .         Harm     .   (gloves unavailable)
MR       .....     NoTele   +   (boots unavailable)
Stlth    +.........             (no amulet)
HPRegen  0.21/turn              t - +2 ring of evasion
MPRegen  0.09/turn              s - +3 ring of intelligence

@: divine shield, hasted, glowing, very quick
A: large, unfitting armour, tough skin 1
a: Divine Shield, Renounce Religion


You were in the Dungeon.
You worshipped the Shining One.
The Shining One was most pleased with you.
You were not hungry.

You visited 1 branch

Inventory:

Hand Weapons
 o - a +2 halberd of protection (weapon)
   (You found it in the Dungeon)
Armour
 b - a +0 robe (worn)
Magical Staves
 l - an uncursed staff of energy {@w1+MP, hungerless spells, !d!a}
   (You found it in the Dungeon)
Jewellery
 s - a +3 ring of intelligence (right hand)
   (You found it in the Dungeon)
 t - a +2 ring of evasion (left hand)
   (You found it in the Dungeon)
Wands
 m - a wand of iceblast (10)
   (You found it in the Dungeon)
Scrolls
 h - 3 scrolls of remove curse
 i - 2 scrolls of blinking {!r}
 k - 2 scrolls of amnesia
Potions
 d - 5 potions of curing
 e - 3 potions of heal wounds
 g - 4 potions of magic
Comestibles
 c - a ration {@e1}
 j - 2 chunks of flesh {@w0}


   Skills:
 + Level 10.2 Fighting
 * Level 8.5 Polearms
 - Level 2.6 Dodging
 - Level 1.4 Stealth


You had 4 spell levels left.
You didn't know any spells.

Dungeon Overview and Level Annotations

Branches:
Dungeon (1/1)

Altars:
Cheibriados
Dithmenos
Elyvilon
Fedhas
Gozag
Hepliaklqana
Kikubaaqudgha
Makhleb
Nemelex Xobeh
Okawaru
Qazlal
Ru
Sif Muna
Trog
Uskayaw
Vehumet
Wu Jian
Xom
Yredelemnul
Zin
The Shining One
Beogh
Jiyva
Lugonu


Innate Abilities, Weirdness & Mutations

You are too large for most types of armour.
You have tough skin. (AC +1)


Message History

Found a sparkling altar of Nemelex Xobeh.
There is a blossoming altar of Fedhas here.
Found an iron altar of Okawaru.
There is an opulent altar of Gozag here.
Found a stormy altar of Qazlal.
There is a hazy altar of Hepliaklqana here.
Found a sacrificial altar of Ru.
There is a viscous altar of Jiyva here.
Found a deep blue altar of Sif Muna.
There is an ancient bone altar of Kikubaaqudgha here.
Found a bloodstained altar of Trog.
There is a corrupted altar of Lugonu here.
Found a hide-covered altar of Uskayaw.
There is a burning altar of Makhleb here.
Found a radiant altar of Vehumet.
There is a sparkling altar of Nemelex Xobeh here.
Found an ornate altar of the Wu Jian Council.
There is an iron altar of Okawaru here.
Found a shimmering altar of Xom.
There is a stormy altar of Qazlal here.
Found a basalt altar of Yredelemnul.
There is a sacrificial altar of Ru here.
Found a glowing silver altar of Zin.
There is a deep blue altar of Sif Muna here.
Found a glowing golden altar of the Shining One.
There is a bloodstained altar of Trog here.
There is a hide-covered altar of Uskayaw here.
There is a radiant altar of Vehumet here.
There is an ornate altar of the Wu Jian Council here.
There is a shimmering altar of Xom here.
There is a basalt altar of Yredelemnul here.
There is a glowing silver altar of Zin here.
There is a glowing golden altar of the Shining One here.
You kneel at the altar of the Shining One.
The Shining One welcomes you!
You and your allies can gain power from killing the unholy and evil.
You can now call upon the Shining One for a divine shield.
You open the door.
There is an open door here.
g - 4 potions of magic (gained 2);
e - 3 potions of heal wounds (gained 2)
d - 5 potions of curing (gained 4)
You see here a potion of invisibility.
h - 3 scrolls of remove curse;
k - 2 scrolls of amnesia
i - 2 scrolls of blinking {!r} (gained 1)
l - an uncursed staff of energy {@w1+MP, hungerless spells, !d!a}
m - a wand of iceblast (10)
n - a +2 scimitar of holy wrath;
o - a +2 halberd of protection
p - a +2 morningstar of protection;
q - a +3 war axe of chopping
r - the +2 rapier of the End of Times {venom, *Slow Str-3 Int+8 Stlth+} You see here a +0 lajatang.
You see here a +0 pair of gloves.
You see here a +0 pair of boots.
You see here a +1 scale mail.
s - a +3 ring of intelligence
t - a +2 ring of evasion Your +2 halberd of protection hums with potential!
o - a +2 halberd of protection (weapon)
Drop what? 20/52 slots (_ for help) (? for menu, Esc to quit)
You drop a +0 spear.
You drop a +2 scimitar of holy wrath.
You drop a +2 morningstar of protection.
You drop a +3 war axe of chopping.
You drop the +2 rapier of the End of Times {venom, *Slow Str-3 Int+8 Stlth+}.
t - a +2 ring of evasion (left hand)
You feel clever.
s - a +3 ring of intelligence (right hand) Setting a skill training target for Polearms at 16.0.
You open the door.
An iguana, a gnoll shaman, a centaur, 2 ogres and a zombie come into view.
The two-headed ogre shouts in stereo!
The gnoll shaman shouts!
The ogre shouts!
You hit the two-headed ogre.
Your weapon exudes an aura of protection.
The two-headed ogre barely misses you.
The two-headed ogre hits you with a giant spiked club!
You take 15 damage, and have 47/68 hp.
MASSIVE DAMAGE!!
A divine shield forms around you!
You feel slightly more hungry. The two-headed ogre barely misses you.
You block the two-headed ogre's attack.
You now have 2/5 mp.
You puncture the two-headed ogre! The two-headed ogre barely misses you.
The two-headed ogre hits you with a giant spiked club!
You take 13 damage, and have 34/68 hp.
You hit the two-headed ogre.
The two-headed ogre hits you with a giant club!
The two-headed ogre closely misses you.
You take 12 damage, and have 22/68 hp.
You hit the two-headed ogre but do no damage.
You block the two-headed ogre's attack.
The two-headed ogre hits you with a giant spiked club!!
* * * LOW HITPOINT WARNING * * *
You take 19 damage, and have 3/68 hp.
MASSIVE DAMAGE!!
You see here a +1 scale mail.
You see here a +0 pair of boots.
You see here a +0 pair of gloves.
You see here a +0 lajatang.
You see here a potion of invisibility.
You feel yourself speed up. You block the two-headed ogre's attack.
The two-headed ogre hits you with a giant spiked club!!
You die...

▓_▓
▓_▓
▓_▓
▓_▓
▓_▓
▓_▓
▓_▓
▓'▓
▓@▓
▓O▓
▓g▓
▓)▓
▓c▓
▓[▓
▓l▓
▓Z▓
▓)▓


You could see a two-headed ogre, a centaur, a gnoll shaman, an iguana and a bat
zombie.

Vanquished Creatures
  An ogre (D)
  A quasit (D)
  2 worker ants (D)
  A ball python (D)
  2 frilled lizards (D)
  2 kobolds (D)
  A rat (D)
10 creatures vanquished.

Notes
Turn   | Place    | Note
-------+----------+-------------------------------------------
     0 | D        | operationiv the Ogre Monk began the quest for the Orb.
     0 | D        | Reached XP level 1. HP: 24/24 MP: 1/1
    18 | D        | Reached skill level 5 in Fighting
    26 | D        | Noticed a worker ant
    26 | D        | Noticed a quasit
    26 | D        | Noticed a worker ant
    26 | D        | Noticed an ogre
    34 | D        | Killed a worker ant
    34 | D        | Reached skill level 6 in Fighting
    34 | D        | Reached skill level 5 in Polearms
    34 | D        | Reached XP level 2. HP: 37/37 MP: 2/2
    34 | D        | Reached XP level 3. HP: 45/45 MP: 3/3
    37 | D        | Reached skill level 7 in Fighting
    37 | D        | Reached skill level 6 in Polearms
    37 | D        | Reached XP level 4. HP: 57/57 MP: 4/4
    47 | D        | Reached skill level 8 in Fighting
    53 | D        | Killed an ogre
    53 | D        | Reached skill level 10 in Fighting
    53 | D        | Reached skill level 8 in Polearms
    53 | D        | Reached XP level 5. HP: 43/68 MP: 5/5
    84 | D        | Found a roughly hewn altar of Beogh.
    84 | D        | Found a snail-covered altar of Cheibriados.
    84 | D        | Found a shadowy altar of Dithmenos.
    84 | D        | Found a white marble altar of Elyvilon.
    84 | D        | Found a blossoming altar of Fedhas.
    84 | D        | Found an opulent altar of Gozag.
    85 | D        | Found a hazy altar of Hepliaklqana.
    86 | D        | Found a viscous altar of Jiyva.
    87 | D        | Found an ancient bone altar of Kikubaaqudgha.
    88 | D        | Found a corrupted altar of Lugonu.
    89 | D        | Found a burning altar of Makhleb.
    90 | D        | Found a sparkling altar of Nemelex Xobeh.
    91 | D        | Found an iron altar of Okawaru.
    92 | D        | Found a stormy altar of Qazlal.
    93 | D        | Found a sacrificial altar of Ru.
    94 | D        | Found a deep blue altar of Sif Muna.
    95 | D        | Found a bloodstained altar of Trog.
    96 | D        | Found a hide-covered altar of Uskayaw.
    97 | D        | Found a radiant altar of Vehumet.
    98 | D        | Found an ornate altar of the Wu Jian Council.
    99 | D        | Found a shimmering altar of Xom.
   100 | D        | Found a basalt altar of Yredelemnul.
   101 | D        | Found a glowing silver altar of Zin.
   102 | D        | Found a glowing golden altar of the Shining One.
   110 | D        | Became a worshipper of the Shining One
   110 | D        | Reached * piety under the Shining One
   110 | D        | Reached ** piety under the Shining One
   120 | D        | Got the +2 rapier of the End of Times {venom, *Slow Str-3 Int+8 Stlth+}
   136 | D        | Noticed a two-headed ogre
   136 | D        | Noticed a centaur
   136 | D        | Reached *** piety under the Shining One
   136 | D        | Noticed an ogre
   141 | D        | HP: 3/68 [two-headed ogre/giant club (20)]
   150 | D        | Demolished by a two-headed ogre

Vault maps used:
D:        linesprint

Skill      XL: |  1  2  3  4 |
---------------+-------------+-----
Fighting       | 6 7 10 | 10.2
Polearms       | 5 6 8 |  8.5
Dodging        | |  2.6
Stealth        | |  1.4

Action                   |  1- 3 |  4- 6 || total
-------------------------+-------+-------++-------
Melee: Spear             |    25 |    16 ||    41
       Halberd           |       |     4 ||     4
Invok: Divine Shield     |       |     1 ||     1
  Use: Potion            |     1 |     1 ||     2
Armor: Robe              |     2 |       ||     2
Dodge: Dodged            |     9 |     7 ||    16
Block: Other             |       |     3 ||     3

Table legend:
 A = Spawn XP
 B = Non-spawn XP
 C = Spawn XP percentage of total XP
 D = Spawn monster count
 E = Non-spawn monster count
 F = Spawn count percentage of total count
 G = Total turns spent on level
                    A         B        C        D         E        F      G
               +---------+---------+-------+---------+---------+-------+---------
         Total |       0 |     243 |   0.0 |       0 |      10 |   0.0 |   150
               +---------+---------+-------+---------+---------+-------+---------
             D |       0 |     243 |   0.0 |       0 |      10 |   0.0 |   150
               +---------+---------+-------+---------+---------+-------+---------

Vault maps used:
D:        linesprint

Table legend:
 A = Turns spent in this place as a percentage of turns spent in the entire game.
 B = Non-inter-level travel turns spent in this place as a percentage of non-inter-level travel turns spent in the entire game.
 C = Inter-level travel turns spent in this place as a percentage of turns spent in this place.
 D = Turns resting spent in this place as a percentage of non-inter-level travel turns spent in this place.
 E = Turns spent auto-exploring this place as a percentage of non-inter-level travel turns spent in this place.
 F = Non-inter-level travel turns spent in this place divided by the number of levels of this place that you've seen.
                   A       B       C       D       E      F
               +-------+-------+-------+-------+-------+----------------------
         Total | 100.0 | 100.0 |   0.0 |  14.7 |   6.0 | 150.0
       Dungeon | 100.0 | 100.0 |   0.0 |  14.7 |   6.0 | 150.0
               +-------+-------+-------+-------+-------+----------------------

Table legend:
 A = Kills in this place as a percentage of kills in entire the game.
 B = Kills by you in this place as a percentage of kills by you in the entire game.
 C = Kills by friends in this place as a percentage of kills by friends in the entire game.
 D = Other kills in this place as a percentage of other kills in the entire game.
 E = Experience gained in this place as a percentage of experience gained in the entire game.
 F = Experience gained in this place divided by the number of levels of this place that you have seen.
                   A       B       C       D       E      F
               +-------+-------+-------+-------+-------+----------------------
         Total | 100.0 | 100.0 |   N/A |   N/A | 100.0 | 243.0
       Dungeon | 100.0 | 100.0 |   N/A |   N/A | 100.0 | 243.0
               +-------+-------+-------+-------+-------+----------------------
